 Dungeon Crawl Stone Soup version 0.25-a0-566-g062765be81 (webtiles) character file.

Game seed: 18293565407483410972, levelgen mode: classic

4715 EnegeticOcto the Cleaver (level 10, 80/96 HPs)
             Began as a Deep Dwarf Fighter on Feb 27, 2020.
             Quit the game on level 8 of the Dungeon.
             The game lasted 00:04:12 (4924 turns).

EnegeticOcto the Cleaver (Deep Dwarf Fighter)       Turns: 4924, Time: 00:04:12

Health: 80/96      AC: 19    Str: 23    XL:     10   Next: 22%
Magic:  7/7        EV:  8    Int:  9    God:
Gold:   383        SH: 11    Dex: 12    Spells: 9/9 levels left

rFire    . . .     SeeInvis .   a - +1 war axe
rCold    . . .     Gourm    .   c - +0 kite shield
rNeg     . . .     Faith    .   D - +0 plate armour
rPois    .         Spirit   .   (no helmet)
rElec    .         Reflect  .   (no cloak)
rCorr    .         Harm     .   g - +1 pair of gloves
MR       +....                  (no boots)
Stlth    ..........             (no amulet)
HPRegen  0.00/turn              i - +4 ring of protection
MPRegen  0.10/turn              (no ring)

@: non-regenerating
A: damage resistance, heal wounds, sense surroundings 2, no regeneration
a: Heal Wounds


You were on level 8 of the Dungeon.
You were not hungry.

You visited 2 branches of the dungeon, and saw 9 of its levels.
You also visited: Sewer and Ossuary.

You collected 383 gold pieces.

Inventory:

Hand Weapons
 a - a +1 war axe (weapon)
Missiles
 o - a throwing net (quivered)
Armour
 c - a +0 kite shield (worn)
 g - a +1 pair of gloves (worn)
 D - a +0 plate armour (worn)
Jewellery
 i - a +4 ring of protection (left hand)
Wands
 l - a wand of polymorph (6)
 z - a wand of digging (4) {@v2}
 C - a wand of acid (9) {@v1}
Scrolls
 f - 2 scrolls of blinking {@r3}
 h - 6 scrolls of teleportation {@r2}
 j - a scroll of fear
 p - 2 scrolls of identify {@r1}
 q - 4 scrolls of fog
 B - a scroll of enchant weapon
Potions
 b - a potion of lignification {unknown}
 k - 2 potions of might {@q3}
 m - 4 potions of flight
 n - 3 potions of haste {@q4}
 s - 4 potions of curing {@q1}
 t - 3 potions of heal wounds {@q2}
 u - 2 potions of magic
 v - 4 potions of brilliance
Comestibles
 d - 12 chunks of flesh
 e - 7 rations


   Skills:
 * Level 7.9 Fighting
 * Level 9.1 Axes
 + Level 7.0 Armour
 + Level 6.0 Dodging
 + Level 7.0 Shields


You had 9 spell levels left.
You didn't know any spells.
Your spell library was empty.

Dungeon Overview and Level Annotations

Branches:
Dungeon (8/15)             Temple (1/1) D:6           Sewer (visited)
Ossuary (visited)
   Lair: D:8-11

Altars:
Ashenzari
Cheibriados
Dithmenos
Elyvilon
Fedhas
Gozag
Hepliaklqana
Nemelex Xobeh
Okawaru
Qazlal
Ru
Trog
Uskayaw
Vehumet
Wu Jian
Xom
Yredelemnul
Zin
The Shining One

Shops:
D:4 [


Innate Abilities, Weirdness & Mutations

You are resistant to damage.
You can heal yourself by infusing magical energy.
You passively map the area around you.
You do not regenerate.


Message History

Things that are here:
a +0 club; an orc skeleton
There is an open door here.
An ice beast comes into view.
The ice beast moves out of view.
Found a stone staircase leading down.
The ice beast is too close now for your liking.
An ice beast is nearby!
An ice beast is nearby!
An ice beast is nearby!
You slash the ice beast!
The ice beast is heavily wounded.
You block the ice beast's attack.
You slash the ice beast!
The ice beast is severely wounded.
You block the ice beast's attack.
You closely miss the ice beast.
The ice beast is severely wounded.
You block the ice beast's attack.
Your plate armour prevents you from hitting the ice beast.
The ice beast is severely wounded.
The ice beast barely misses you.
You closely miss the ice beast.
The ice beast is severely wounded.
You block the ice beast's attack. The ice beast hits you.
The ice beast freezes you!
You are too injured to fight recklessly!
You are too injured to fight recklessly!
You are too injured to fight recklessly!
You are too injured to fight recklessly!
You are too injured to fight recklessly!
You are too injured to fight recklessly!
You are too injured to fight recklessly!
An ice beast is nearby!
An ice beast is nearby!
An ice beast is nearby!
You are too injured to fight recklessly!
You feel much better.
The ice beast hits you but does no damage.
You slash the ice beast!
You kill the ice beast!
No target in view!
No target in view!
No target in view!
No target in view!
No target in view!
No target in view!
No target in view!
No target in view!
You are no longer poisoned.
f - 2 scrolls of blinking {@r3} (gained 1)
m - 4 potions of flight (gained 2)
v - 4 potions of brilliance (gained 1)
You open the door.
There is an open door here.
An orc, an orc warrior and an orc priest come into view.
The orc warrior shouts!
The orc shouts!
The orc priest shouts!
There are monsters nearby!
There are monsters nearby!
There are monsters nearby!
There are monsters nearby!
There are monsters nearby!
There are monsters nearby!
There are monsters nearby!
The orc priest calls down the wrath of Beogh upon you.
Beogh smites you!
You hear a shout!
You block the orc's attack. The orc warrior barely misses you.
An orc priest comes into view. It is wielding a +0 dagger.
You hit the orc priest.
The orc priest is moderately wounded.
The orc closely misses you. You block the orc warrior's attack.
The orc priest mumbles some strange prayers to Beogh against you.
Beogh smites you!
The orc priest hits you but does no damage.
You are too injured to fight recklessly!
You are too injured to fight recklessly!
You are too injured to fight recklessly!
You are too injured to fight recklessly!
You are too injured to fight recklessly!
You are too injured to fight recklessly!
You are too injured to fight recklessly!
You are too injured to fight recklessly!
You are too injured to fight recklessly!
You are too injured to fight recklessly!
You are too injured to fight recklessly!
You are too injured to fight recklessly!
You are too injured to fight recklessly!
You block the orc's attack. You block the orc warrior's attack.
The orc priest begins to cast a cantrip, but forgets the words!
The orc priest hits you.
You feel much better. You block the orc's attack.
The orc warrior closely misses you.
The orc priest mumbles some strange prayers to Beogh against you.
You resist with some effort.
You feel much better.
An orc comes into view. It is wielding a +1 dagger of venom.
The orc hits you with a +0 trident. You block the orc priest's attack.
The orc warrior hits you but does no damage.
Are you sure you want to abandon this character and quit the game? (Confirm with "yes".)

** * ,* * * .# *,.#
########o# #........#
#.....o..#### *### *
###.#.o.o...... ..#
,,.......@...##* #.#
**###.#.o.....## #.#
, #..........# #.#
#.# #.........## #.#
### #.###
########.#######.####
#..,....# #.#
#........# #.# #.#.#
#.# #.###.##.# #.#
#.#.# ##'###.# #.##.#
#.# #.#.# ##...##.#
#.##.##


You could see an orc warrior, 2 orc priests and 2 orcs.

Vanquished Creatures
  2 hippogriffs
  3 vampire mosquitoes (D:7)
  2 hungry ghosts (D:7)
  A black bear (D:7)
  3 orc warriors
  A sky beast (D:5)
  2 ice beasts (D:8)
  3 ogres
  A phantom (D:7)
  2 elf zombies (Ossuary)
  6 bullfrogs
  4 scorpions
  12 killer bees
  5 wights (D:8)
  3 howler monkeys
  4 crimson imps
  3 centaur zombies
  A gnoll shaman (D:7)
  A hound (D:4)
  A quasit (D:7)
  A bullfrog skeleton (D:7)
  2 orc priests
  8 human zombies (Ossuary)
  2 orc wizards
  An iguana (D:5)
  A worker ant (D:5)
  3 mummies (Ossuary)
  7 gnolls
  14 adders
  5 river rats
  2 shadow imps (D:7)
  2 oozes
  An adder zombie (D:5)
  An adder skeleton (D:4)
  4 worms
  A dart slug (D:2)
  3 leopard geckos
  16 orcs
  3 giant cockroaches
  8 goblins
  4 hobgoblins (D:1)
  7 kobolds
  3 quokkas
  17 ball pythons
  2 bats
  5 frilled lizards
  2 quokka zombies
  35 rats
220 creatures vanquished.

Vanquished Creatures (others)
  A quokka (D:5)
1 creature vanquished.

Grand Total: 221 creatures vanquished

Notes
Turn   | Place    | Note
-------+----------+-------------------------------------------
     0 | D:1      | EnegeticOcto the Deep Dwarf Fighter began the quest for the
                  | Orb.
     0 | D:1      | Reached XP level 1. HP: 20/20 MP: 1/1
   122 | D:2      | Reached XP level 2. HP: 18/27 MP: 2/2
   340 | D:4      | Noticed a howler monkey
   344 | D:4      | Noticed a hippogriff
   348 | D:4      | Killed a howler monkey
   348 | D:4      | Reached skill level 3 in Axes
   348 | D:4      | Reached skill level 1 in Dodging
   348 | D:4      | Reached XP level 3. HP: 16/34 MP: 3/3
   357 | D:4      | Reached XP level 4. HP: 33/42 MP: 4/4
   360 | D:4      | Killed a hippogriff
   360 | D:4      | Reached skill level 4 in Axes
   360 | D:4      | Reached XP level 5. HP: 30/50 MP: 5/5
   360 | D:4      | Reached XP level 6. HP: 35/57 MP: 6/6
   435 | D:4      | Noticed a moth of wrath
   438 | D:4      | Found a bloodstained altar of Trog.
   503 | D:4      | Found a hazy altar of Hepliaklqana.
   507 | D:4      | Found Lehynul's Armour Emporium.
   582 | D:4      | Found a glowing drain.
   849 | Sewer    | Entered a sewer
  1102 | Sewer    | Reached XP level 7. HP: 41/66 MP: 7/7
  1186 | D:5      | Entered Level 5 of the Dungeon
  1207 | D:5      | Found a white marble altar of Elyvilon.
  1249 | D:5      | Reached skill level 5 in Axes
  1259 | D:5      | Noticed a hippogriff
  1272 | D:5      | Killed a hippogriff
  1281 | D:5      | Reached skill level 5 in Fighting
  1343 | D:5      | Found a sacrificial altar of Ru.
  1481 | D:5      | Reached skill level 5 in Armour
  1739 | D:6      | Reached skill level 5 in Shields
  1739 | D:6      | Reached XP level 8. HP: 43/74 MP: 7/7
  1753 | D:6      | Reached skill level 6 in Axes
  1792 | D:6      | Found a staircase to the Ecumenical Temple.
  1942 | Temple   | Entered the Ecumenical Temple
  2065 | D:2      | Found a snail-covered altar of Cheibriados.
  3566 | D:6      | Found a shimmering altar of Xom.
  3779 | D:7      | Reached skill level 7 in Axes
  3833 | D:7      | Found a sand-covered staircase.
  3839 | Ossuary  | Entered an ossuary
  3858 | Ossuary  | Gained mutation: You passively map the area around you.
                  | [Deep Dwarf growth]
  3858 | Ossuary  | Reached XP level 9. HP: 59/84 MP: 7/7
  4016 | D:7      | Reached skill level 5 in Dodging
  4018 | D:7      | Found a shattered altar of Ashenzari.
  4193 | D:7      | Reached skill level 8 in Axes
  4596 | D:8      | Reached XP level 10. HP: 63/94 MP: 7/7
  4640 | D:8      | Found a glowing silver altar of Zin.
  4814 | D:8      | Reached skill level 9 in Axes
  4924 | D:8      | Quit the game

Levels and vault maps discovered:
D:1:      matt_arrival_refuge, layout_rooms, st_stairs_5
D:2:      layout_loops_corners, first_ration, cheibriados_altar_1
D:3:      layout_basic
D:4:      layout_rooms, tgw_trog, overflow_temple_1_default,
          portal_sewer_entry_b, serial_shops, shop
D:5:      layout_layer_cave, nicolae_ru_the_path_less_chosen, elyvilon_altar_4
D:6:      layout_loops_ring, xom_butterflies, minmay_temple_entry_glassed_door
D:7:      layout_rooms, old_standard_altar, enter_ossuary_5
D:8:      layout_loops_corners, kennysheep_vampire_church, zin_academy
Temple:   nicolae_temple_no_exploring_needed

Skill      XL: |  1  2  3  4  5  6  7  8  9 10 |
---------------+-------------------------------+-----
Fighting       | 3 4 5 6 7 |  7.9
Axes           | 3 4 5 7 8 9 |  9.1
Dodging        | 1 2 3 4 5 6 |  6.0
Armour         | 4 5 6 7 |  7.0
Shields        | 4 5 6 7 |  7.0

Action                   |  1- 3 |  4- 6 |  7- 9 | 10-12 || total
-------------------------+-------+-------+-------+-------++-------
Melee: War axe           |    81 |   133 |   466 |    95 ||   775
 Abil: Heal Wounds       |     3 |     4 |    12 |     4 ||    23
  Use: Scroll            |       |       |    19 |       ||    19
  Eat: Chunk             |       |     1 |     7 |     1 ||     9
       Ration            |       |       |     2 |       ||     2
Armor: Scale mail        |    48 |    88 |   195 |       ||   331
       Plate armour      |       |       |    18 |    58 ||    76
Dodge: Dodged            |    28 |   107 |   264 |    24 ||   423
Block: Kite shield       |    52 |   132 |   341 |    73 ||   598

Table legend:
 A = Non-vault XP
 B = Vault XP
 C = Vault XP percentage of total XP
 D = Non-vault monster count
 E = Vault monster count
 F = Vault count percentage of total count
                 A         B        C        D         E       F
            +---------+---------+-------+---------+---------+-------
      Total |    5693 |    1044 |  15.5 |     149 |      71 |  32.3
            +---------+---------+-------+---------+---------+-------
        D:1 |       8 |       0 |   0.0 |       4 |       0 |   0.0
        D:2 |     127 |       0 |   0.0 |      30 |       0 |   0.0
        D:3 |      38 |       0 |   0.0 |      18 |       0 |   0.0
        D:4 |     439 |      24 |   5.2 |      12 |       8 |  40.0
        D:5 |     526 |       0 |   0.0 |       7 |       0 |   0.0
        D:6 |     828 |       0 |   0.0 |      18 |       0 |   0.0
        D:7 |    2140 |       0 |   0.0 |      32 |       0 |   0.0
        D:8 |    1587 |       0 |   0.0 |      28 |       0 |   0.0
      Sewer |       0 |     347 | 100.0 |       0 |      48 | 100.0
    Ossuary |       0 |     673 | 100.0 |       0 |      15 | 100.0
            +---------+---------+-------+---------+---------+-------
